 Dungeon Crawl Stone Soup version 0.29.1-2-gbd0b4ee654 (webtiles) character file.

Game seed: 17222323361854443537

3 qeuew the Sneak (level 1, -2/15 HPs)
             Began as a Naga Fire Elementalist on Nov 8, 2022.
             Slain by an endoplasm (3 damage)
             ... on level 1 of the Dungeon.
             The game lasted 00:00:19 (23 turns).

qeuew the Sneak (Naga Fire Elementalist)              Turns: 23, Time: 00:00:20

Health: -2/15      AC:  1    Str: 10    XL:     1   Next: 50%
Magic:  1/3        EV:  9    Int: 15    God:
Gold:   0          SH:  0    Dex: 11    Spells: 3/4 levels left

rFire   . . .      SeeInvis +   (no weapon)
rCold   . . .      Faith    .   (no shield)
rNeg    . . .      Spirit   .   a - +0 robe
rPois   +          Reflect  .   (no helmet)
rElec   .          Harm     .   (no cloak)
rCorr   .          Rampage  .   (no gloves)
Will    .....                   (no barding)
Stlth   ++........              (no amulet)
HPRegen 0.05/turn               (no ring)
MPRegen 0.08/turn               (no ring)

@: short of breath, very slow
A: AC +0, large, see invisible, deformed body, poison resistance, slowness 2,
spit poison 1, naga tail 1
a: Spit Poison


You were on level 1 of the Dungeon.
You visited 1 branch of the dungeon, and saw 1 of its levels.

Inventory:

Armour
 a - a +0 robe (worn)
Potions
 b - a potion of magic


   Skills:
 + Level 0.1 Armour
 + Level 1.6 Dodging
 - Level 3.0 Stealth
 + Level 2.0 Spellcasting
 + Level 1.1 Conjurations
 + Level 3.0 Fire Magic


You had 3 spell levels left.
You knew the following spells:

 Your Spells              Type           Power      Damage    Failure   Level
a - Foxfire               Conj/Fire      28%        2x1d5     10%         1

Your spell library contained the following spells:

 Spells                   Type           Power      Damage    Failure   Level
 Scorch                   Fire           20%        2d6       10%         2
 Conjure Flame            Conj/Fire      7%         6-21      28%         3
 Inner Flame              Hex/Fire       6%         N/A       34%         3
 Flame Wave               Conj/Fire      7%         2d5       67%         4


Dungeon Overview and Level Annotations

Branches:
Dungeon (1/15)

Altars:


Innate Abilities, Weirdness & Mutations

Your serpentine skin is tough. (AC +0)
You have supernaturally acute eyesight. (SInv)
Armour fits poorly on your strangely shaped body.
Your system is resistant to poisons. (rPois)
You cover ground very slowly.
You can spit poison.
You have a snake-like lower body.


Message History

You conjure some foxfire!
The foxfire hits the kobold.
The kobold is severely wounded.
The foxfire hits the ball python.
The ball python is heavily wounded.
An endoplasm comes into view.
The foxfire hits the ball python.
You kill the ball python!
The foxfire hits the kobold.
You kill the kobold!
The frilled lizard barely misses you.
Aiming: Spit Poison (3% risk of failure)
Press: ? - help, Shift-Dir - straight line, f - frilled lizard
Aim: a frilled lizard (31% to hit)
The splash of poison hits the frilled lizard.
The frilled lizard is poisoned.
You kill the frilled lizard!
The kobold throws a stone.
The stone hits you but does no damage.
You hit the endoplasm but do no damage. The endoplasm closely misses you.
You hit the endoplasm but do no damage.
You have got your breath back.
The kobold closely misses you. The endoplasm freezes you.
You are frozen.
You hit the endoplasm.
The endoplasm is lightly wounded.
The kobold hits you with a +0 dagger. The endoplasm freezes you.
You are frozen.
Unknown command.
The kobold attacks as you move away!
The kobold hits you with a +0 dagger. x2
* * * LOW HITPOINT WARNING * * *
Aiming: Spit Poison (3% risk of failure)
Press: ? - help, Shift-Dir - straight line, f - endoplasm
Aim: an endoplasm (96% to hit)
The splash of poison hits the endoplasm.
The endoplasm is lightly wounded.
The kobold hits you with a +0 dagger.
* * * LOW HITPOINT WARNING * * *
The endoplasm hits you.
You die...

...............
....".........
#.>[.........
............
#...)......
#..†.......
####...†......
#....JK###.###
...####@## #
#..# ##.# #.##
##########..#.##
...............#
..##♣♣♣.♣♣♣##..#
♣⌠♣ ..#
..♣♣♣♣♣.♣♣♣♣♣..#


You could see an endoplasm and a kobold.

Vanquished Creatures
  A ball python (D:1)
  A kobold (D:1)
  A frilled lizard (D:1)
3 creatures vanquished.

Vanquished Creatures (others)
  5 foxfires (D:1)
5 creatures vanquished.

Grand Total: 8 creatures vanquished

Notes
Turn   | Place    | Note
-------+----------+-------------------------------------------
     0 | D:1      | qeuew the Naga Fire Elementalist began the quest for the
                  | Orb.
     0 | D:1      | Reached XP level 1. HP: 15/15 MP: 3/3
    23 | D:1      | Slain by an endoplasm

Illustrated notes

Levels and vault maps discovered:
D:1:      scummos_arrival_forest, layout_rooms, amcnicky_mini_corridor_feature

Action                   || total
-------------------------++-------
Melee: Unarmed           ||     3
 Cast: Foxfire           ||     3
 Abil: Spit Poison       ||     2
Armor: Robe              ||     1
Dodge: Dodged            ||     3
